 Dungeon Crawl Stone Soup version 0.18-a0 (webtiles) character file.

3917 Jergosh the Shield-Bearer (level 10, -6/83 HPs)
             Began as a Ghoul Fighter on Oct 30, 2015.
             Was a Believer of Makhleb.
             Splashed by a jelly's acid (10 damage)
             ... on level 7 of the Dungeon.
             The game lasted 00:22:35 (7001 turns).

Jergosh the Shield-Bearer (Ghoul Fighter)           Turns: 7001, Time: 00:22:35

Health: -6/83      AC: -5    Str: 21    XL:     10   Next: 20%
Magic:  11/11      EV:  6    Int:  5    God:    Makhleb [**....]
Gold:   393        SH: 11    Dex:  9    Spells: 0 memorised, 9 levels left

rFire  . . .     SeeInvis .     z - +0 trident (protect)
rCold  + . .     Clarity  .     p - +0 plate armour
rNeg   + + +     SustAt   .     c - +1 shield
rPois  ∞         Gourm    .     (no helmet)
rElec  .         Spirit   .     (no cloak)
rCorr  .         Warding  .     (no gloves)
rMut   .         Stasis   .     (no boots)
MR     .....                    (no amulet)
Stlth  ..........               (no ring)
                                (no ring)

@: corroded equipment, rotting, not resistant to hostile enchantments, extremely
unstealthy
A: rotting body, claws 1, carnivore 3, cold resistance 1, negative energy
resistance 3, slow regeneration 1, torment resistance, unbreathing
a: Minor Destruction, Renounce Religion


You were on level 7 of the Dungeon.
You worshipped Makhleb.
Makhleb was pleased with you.
You were not hungry.

You visited 2 branches of the dungeon, and saw 8 of its levels.
You also visited: Sewer and Ossuary.

You collected 393 gold pieces.

Inventory:

Hand Weapons
 a - a +1 long sword
 z - a +0 trident of protection (weapon)
Armour
 b - a +0 scale mail
 c - a +1 shield (worn)
 p - a +0 plate armour (worn)
Wands
 s - a wand of disintegration (9)
Scrolls
 e - 2 scrolls of immolation
 f - 3 scrolls of enchant weapon
 g - 4 scrolls of teleportation
 i - a scroll of fear
 n - 4 scrolls of remove curse
 w - a scroll of identify
 y - a scroll of enchant armour
Potions
 d - a potion of might
 h - a potion of flight {unknown}
 k - 2 potions of brilliance {unknown}
 l - 2 potions of haste
 q - a potion of poison {unknown}
 r - a potion of degeneration {unknown}
 t - a potion of mutation {unknown}
 u - 2 potions of invisibility
 v - a potion of ambrosia {unknown}
 x - 3 potions of curing
Books
 A - a book of Necromancy

   Spells                             Type                      Level
   a - Pain                           Necromancy                   1
   b - Animate Skeleton               Necromancy                   1
   c - Vampiric Draining              Necromancy                   3
   d - Regeneration                   Charms/Necromancy            3
   e - Animate Dead                   Necromancy                   4
   f - Control Undead                 Necromancy                   4
Comestibles
 j - a beef jerky
 m - 2 royal jellies
 o - 3 chunks of flesh
 C - 5 meat rations


   Skills:
 - Level 5.8 Fighting
 - Level 4.4 Long Blades
 * Level 3.7 Polearms
 * Level 7.3 Armour
 - Level 3.6 Dodging
 * Level 7.6 Shields
 * Level 3.8 Invocations


You had 9 spell levels left.
You didn't know any spells.

Dungeon Overview and Level Annotations

Branches:
Dungeon (7/15)             Temple (1/1) D:6

Altars:
Ashenzari
Cheibriados
Elyvilon
Fedhas
Gozag
Kikubaaqudgha
Makhleb
Nemelex Xobeh
Ru
Sif Muna
Trog
Vehumet
Xom
Zin
The Shining One

Shops:
D:6 (


Innate Abilities, Weirdness & Mutations

Your body is rotting away.
You thrive on raw meat.
You are immune to poison.
You have sharp fingernails.
You are carnivorous and can eat meat at any time.
Your flesh is cold resistant.
You are immune to negative energy.
You regenerate slowly when monsters are visible.
You are immune to unholy pain and torment.
You can survive without breathing.


Message History

You block the jelly's attack.
You hit the jelly but do no damage. The acid corrodes you!
Your claws burn!
* * * LOW HITPOINT WARNING * * *
The jelly is heavily wounded.
You block the jelly's attack.
Your plate armour prevents you from hitting the jelly.
The jelly is heavily wounded.
You block the jelly's attack.
You hit the jelly.
Your claws burn!
* * * LOW HITPOINT WARNING * * *
The jelly is heavily wounded.
The jelly jiggles.
The jelly hits you.
* * * LOW HITPOINT WARNING * * *
You are splashed with acid!
The acid corrodes you!
The acid burns!
* * * LOW HITPOINT WARNING * * *
The jelly hits you.
* * * LOW HITPOINT WARNING * * *
You are splashed with acid!
The acid burns!
You die...

#.# ##.##
###########.... #.#
#.# #...... #.# #.#
##....... #.# #(#
#........ #.# #.#
#........ ..# #.#
###.......♣ ### #.#
#.'........ #.#
#.J........
#.#########@#.......♣
#.#......().#........
#.#.####.####........
#.....##.#####.......
###.........)##......
#...##########.....
##.........##.##....
#....#####.##.###...
#######.#..#
#......#### ###


You could see a jelly.

Vanquished Creatures
  The ghost of Jojje the Ducker, a novice TrFi (D:5)
  A hungry ghost (D:7)
  An orc warrior (D:7)
  Purgy (Sewer)
  3 sky beasts (D:6)
  2 black bears
  An ice beast (D:5)
  6 ogres
  A phantom (D:7)
  2 centaurs
  A big kobold (D:7)
  3 giant frogs
  3 scorpions
  2 crimson imps
  A giant frog zombie (D:7)
  A gnoll shaman (D:7)
  A quasit (D:6)
  5 centaur zombies
  A human zombie (D:5)
  7 orc priests
  3 hounds
  3 jellies
  A centaur skeleton (D:6)
  5 orc wizards
  An iguana (D:4)
  6 worker ants
  3 big kobold zombies (Ossuary)
  A hound skeleton (D:6)
  2 mummies (Ossuary)
  10 gnolls
  12 adders
  3 oozes
  2 adder zombies
  A worm (D:2)
  7 giant geckos
  25 orcs
  3 ball pythons (D:4)
  9 bats
  14 giant cockroaches
  6 hobgoblins
  15 jackals
  13 kobolds
  3 quokkas
  3 giant newts
  5 goblins
  2 goblin zombies
  9 hobgoblin zombies (Ossuary)
  11 kobold zombies (Ossuary)
  6 orc zombies (Ossuary)
  5 rats
  2 rat zombies (Ossuary)
235 creatures vanquished.

Notes
Turn   | Place    | Note
--------------------------------------------------------------
     0 | D:1      | Jergosh the Ghoul Fighter began the quest for the Orb.
     0 | D:1      | Reached XP level 1. HP: 19/19 MP: 0/0
   118 | D:1      | Reached XP level 2. HP: 11/24 MP: 1/1
   578 | D:1      | Reached XP level 3. HP: 20/31 MP: 2/2
   911 | D:2      | Found a shattered altar of Ashenzari.
  1210 | D:2      | Found a glowing golden altar of the Shining One.
  1424 | D:3      | Noticed a giant frog
  1446 | D:2      | Reached skill level 1 in Dodging
  1446 | D:2      | Reached XP level 4. HP: 18/38 MP: 3/3
  1605 | D:3      | Killed a giant frog
  1605 | D:3      | Reached XP level 5. HP: 16/45 MP: 4/4
  1722 | D:3      | Found a faded altar to an unknown god.
  1846 | D:3      | Reached skill level 4 in Fighting
  1874 | D:3      | Found a glowing drain.
  1897 | Sewer    | Entered a sewer
  1978 | Sewer    | Noticed Purgy
  1987 | Sewer    | Killed Purgy
  1987 | Sewer    | Reached XP level 6. HP: 49/52 MP: 5/5
  2488 | D:4      | Reached XP level 7. HP: 41/59 MP: 6/6
  3123 | D:5      | Entered Level 5 of the Dungeon
  3260 | D:5      | Reached skill level 5 in Shields
  3327 | D:5      | Reached XP level 8. HP: 56/67 MP: 7/7
  3475 | D:5      | Noticed Jojje's ghost (novice TrFi)
  3504 | D:5      | Killed Jojje's ghost
  3504 | D:5      | Reached skill level 5 in Fighting
  3504 | D:5      | Reached skill level 5 in Armour
  3728 | D:5      | Found a sand-covered staircase.
  3741 | Ossuary  | Entered an ossuary
  3928 | Ossuary  | Reached skill level 6 in Shields
  4315 | Ossuary  | Reached skill level 1 in Polearms
  4692 | D:6      | Reached XP level 9. HP: 58/74 MP: 8/8
  5239 | D:6      | Found Napuang's Antique Weapon Boutique.
  5402 | D:6      | Found a staircase to the Ecumenical Temple.
  5439 | Temple   | Entered the Ecumenical Temple
  5529 | Temple   | Became a worshipper of Makhleb the Destroyer
  5588 | D:6      | Reached skill level 1 in Invocations
  5741 | D:6      | Found a sacrificial altar of Ru.
  5741 | D:6      | Found a glowing silver altar of Zin.
  5838 | D:6      | Reached skill level 7 in Shields
  6096 | D:7      | Reached * piety under Makhleb
  6483 | D:7      | Reached XP level 10. HP: 38/83 MP: 11/11
  6569 | D:7      | Reached ** piety under Makhleb
  6715 | D:7      | Found a radiant altar of Vehumet.
  7001 | D:7      | HP: 4/83 [jelly (3)]
  7001 | D:7      | Splashed by a jelly's acid

Vault maps used:
D:1:      nagdon_arrival_double_spiral, moated_statue, kennysheep_another_room
D:2:      lemuel_doored_altar, tso_metal_star
D:3:      ecumenical_altar_1, gup_sewer_entry_pipe, first_bread,
          hangedman_decor_points
D:4:      kennysheep_spiral_hall, nicolae_overflow_hidden_temple,
          minmay_snake_closets
D:5:      enter_ossuary_3, serial_park_tiny_2
D:6:      gammafunk_temple_overflow_statue, serial_shops, shop
D:7:      kennysheep_big_flooded_room, basic_altar,
          hangedman_abyss_or_decor_jellyfish_corner
Temple:   circular_temple_12
Sewer:    sewer_the_crocodile
Ossuary:  ossuary_tomb_1

Action                   |  1- 3 |  4- 6 |  7- 9 | 10-12 || total
-------------------------+-------+-------+-------+-------++-------
Melee: Long sword        |   187 |   228 |   233 |       ||   648
       Trident           |       |       |   783 |   226 ||  1009
  Use: Scroll            |     4 |     4 |     7 |       ||    15
       Potion            |       |     1 |     4 |       ||     5
  Eat: Chunk             |    14 |    21 |    28 |     9 ||    72
       Meat ration       |     1 |       |       |       ||     1
